cohdb
Replays
Latest Replays
All Replays
Popular Replays
Top Player Replays
Match Explorer
How It Works
Community
CoH3 Stats
Reddit
Sign in to upload your games and track your stats! →
Sign in with Steam
Match 42280895
Unlisted
Match 42280895
Overview
Messages
Build Orders
End
Scout Squad
Selects Airborne Battlegroup
Selects Pathfinders
Construct Weapon Support Center
M1919 Machine Gun Team
M1919 Machine Gun Team
Bazooka Squad
Selects Paratrooper Squad Paradrop
Paratrooper Squad Paradrop
Air Support Center
Paratrooper Squad Paradrop
P-47 Strafing Run
Selects Anti-tank Gun Team Paradrop
Anti-tank Gun Team Paradrop
Construct Medical Station
Selects Smoke Bombing Run
Selects Paradrop Reinforcements
Construct Tank Depot
P-47 Dive Bomb
M4(105) Sherman Bulldozer
Engineer Squad
Selects Carpet Bombing Run
Engineer Squad
P-47 Strafing Run
M4A1 Sherman Medium Tank
M4A1 Sherman Medium Tank
Taterbait
Plaka
~TAB~ THUND3RCHUNKY
Tiger Mafia
0
0
Comments
sign in to comment!
No comments posted yet!